 Dungeon Crawl Stone Soup version 0.17.1-1-g73c8601 (webtiles) character file.

250 PossumBlood the Fighter (level 5, -1/53 HPs)
             Began as a Minotaur Fighter on Dec 23, 2015.
             Succumbed to futacatgirl's ghost's poison
             ... on level 4 of the Dungeon.
             The game lasted 00:11:07 (1871 turns).

PossumBlood the Fighter (Minotaur Fighter)          Turns: 1871, Time: 00:11:08

Health: -1/53      AC:  6    Str: 26    XL:     5   Next: 88%
Magic:  4/4        EV:  7    Int:  5    God:
Gold:   155        SH: 11    Dex: 10    Spells: 0 memorised, 4 levels left

rFire  . . .     SeeInvis .     a - +1 long sword
rCold  . . .     Clarity  .     b - +0 scale mail
rNeg   . . .     SustAt   .     c - +1 shield
rPois  .         Gourm    .     (helmet restricted)
rElec  .         Spirit   .     (no cloak)
rCorr  .         Warding  .     (no gloves)
rMut   .         Stasis   .     (no boots)
MR     .....                    (no amulet)
Stlth  ..........               (no ring)
                                (no ring)

@: mighty, lethally poisoned (-1 -> -39), very slightly contaminated, hasted,
invisible, very quick, not resistant to hostile enchantments, extremely
unstealthy
A: retaliatory headbutt, horns 2
a: no special abilities


You were on level 4 of the Dungeon.
You were not hungry.

You visited 2 branches of the dungeon, and saw 5 of its levels.

You collected 155 gold pieces.

Inventory:

Hand Weapons
 a - a +1 long sword (weapon)
Armour
 b - a +0 scale mail (worn)
 c - a +1 shield (worn)
Wands
 q - a wand of lightning (3)
Scrolls
 f - a scroll of enchant armour
 h - 2 scrolls of remove curse
 i - a scroll of enchant weapon
 m - a scroll of noise {unknown}
 p - a scroll of random uselessness
 t - 2 scrolls of teleportation
Potions
 l - 3 potions of agility
 n - a potion of poison {unknown}
Comestibles
 e - a bread ration
 g - 3 meat rations
 j - a slice of pizza
 r - 5 fruits


   Skills:
 * Level 8.0 Fighting
 - Level 2.4 Long Blades
 - Level 3.6 Armour
 - Level 3.6 Shields


You had 4 spell levels left.
You didn't know any spells.

Dungeon Overview and Level Annotations

Branches:
Dungeon (4/15)             Temple (1/1) D:4

Altars:
Cheibriados
Dithmenos
Fedhas
Gozag
Kikubaaqudgha
Makhleb
Nemelex Xobeh
Okawaru
Qazlal
Ru
Sif Muna
Vehumet
Xom
Yredelemnul
Zin

Annotations:
D:4 futacatgirl's ghost, novice KoMo


Innate Abilities, Weirdness & Mutations

You reflexively headbutt those who attack you in melee.
You have a pair of horns on your head.


Message History

* * * LOW HITPOINT WARNING * * *
You are more poisoned.
Futacatgirl's ghost hits you but does no damage.
You are more poisoned.
Drink which item? (? for menu, Esc to quit)
It was a potion of invisibility.
You fade into invisibility!
* * * LOW HITPOINT WARNING * * *
You feel very sick. You block futacatgirl's ghost's attack.
You are very lightly contaminated with residual magic.
Drink which item? (? for menu, Esc to quit)
It was a potion of haste.
You feel yourself speed up.
* * * LOW HITPOINT WARNING * * *
You feel very sick. You block futacatgirl's ghost's attack.
There isn't anything here!
Drink which item? (? for menu, Esc to quit)
It was a potion of magic.
Magic courses through your body.
You die...

#.. #...#. ###.# #
######...## ...#.
#....'...'. #..#.
#.####...#. ...
.#........+.
#.####.###.####.....##
#..........#####....#
#............#+##
##@..######...# ###
#.W.....###..##.#..
#.#####.#.......#.# #'
#.#.####### . .. #...#
. ... ##### .. .... ..
.... .. ..


You could see futacatgirl's ghost.

Vanquished Creatures
  An ogre (D:3)
  Ijyb (D:2)
  6 adders
  2 oozes
  A worm (D:2)
  2 giant geckos (D:2)
  A ball python (D:2)
  6 giant cockroaches
  7 hobgoblins
  A jackal (D:2)
  3 quokkas (D:3)
  13 bats
  7 giant newts
  13 goblins
  A jackal skeleton (D:4)
  7 kobolds
  6 rats
78 creatures vanquished.

Notes
Turn   | Place    | Note
--------------------------------------------------------------
     0 | D:1      | PossumBlood the Minotaur Fighter began the quest for the Orb.
     0 | D:1      | Reached XP level 1. HP: 19/19 MP: 0/0
    64 | D:1      | Reached skill level 4 in Fighting
    71 | D:1      | Reached XP level 2. HP: 20/27 MP: 1/1
   439 | D:2      | Noticed Ijyb
   455 | D:2      | Killed Ijyb
   455 | D:2      | Reached skill level 5 in Fighting
   455 | D:2      | Reached XP level 3. HP: 29/36 MP: 2/2
   497 | D:2      | Found a burning altar of Makhleb.
   497 | D:2      | Found a sparkling altar of Nemelex Xobeh.
   498 | D:2      | Found a blossoming altar of Fedhas.
   592 | D:2      | Reached XP level 4. HP: 36/44 MP: 3/3
   623 | D:2      | Reached skill level 6 in Fighting
  1249 | D:3      | Reached XP level 5. HP: 51/51 MP: 4/4
  1268 | D:3      | Reached skill level 7 in Fighting
  1433 | D:3      | Noticed an ogre
  1443 | D:3      | Killed an ogre
  1589 | D:4      | Found a staircase to the Ecumenical Temple.
  1598 | Temple   | Entered the Ecumenical Temple
  1831 | D:4      | Reached skill level 8 in Fighting
  1852 | D:4      | Noticed futacatgirl's ghost (novice KoMo)
  1870 | D:4      | HP: 1/53 [poisoned by futacatgirl's ghost]
  1871 | D:4      | Succumbed to futacatgirl's ghost's poison

Action                   |  1- 3 |  4- 6 || total
-------------------------+-------+-------++-------
Melee: Long sword        |    82 |   126 ||   208
  Use: Scroll            |       |     7 ||     7
       Potion            |       |     4 ||     4
  Eat: Bread ration      |       |     1 ||     1
